AoeStats
← az89

Black Forest

509748999Analyzed
4v4 RM · 4d ago on Sep 27, 2026· 42m 36s· 8 players
Game mode
Random Map
Map size
Large (8 player)
Population
200
Speed
Normal
Resources
Standard
Victory
Conquest
Starting age
Dark Age
Ending age
Imperial Age
RankedLock teamsTeams togetherTeam positionsShared explorationLock speedFull tech treeHidden civsTurbo modeCheats
Victory
Defeat
🇨🇴 Danes · Colombia
894
+15
🇲🇽 Shu · Mexico
876
+16
🇲🇽 Portuguese · Mexico
857
+17
🇨🇦 Teutons · Canada
825
+18
🇦🇷 Turks · Argentina
920
-18
🇭🇰 Tatars · Hong Kong SAR China
906
-18
🇦🇺 Romans · Australia
872
-16
🇬🇧 Britons · United Kingdom
805
-14
ShakierNutria74
1:37 Loom
12:26 Feudal Age
17:17 Castle Age
15:37 Horse Collar
17:03 Double-Bit Axe
18:22 Bow Saw
21:44 Heavy Plow
21:42 Stone Mining
23:16 Gold Mining
24:14 Wheelbarrow
25:12 Gold Shaft Mining
27:11 Hand Cart
27:30 Hand Cart
30:27 Town Watch
33:18 Imperial Age
30:34 Treadmill Crane
31:14 Ballistics
30:50 Murder Holes
31:09 Town Patrol
31:50 Fletching
32:00 Padded Archer Armor
32:25 Bodkin Arrow
33:13 Crossbowman
33:15 Pikeman
33:56 Squires
34:38 Arbalester
35:24 Thumb Ring
35:31 Bolt Magazine
37:59 Chemistry
38:17 Two-Man Saw
37:27 Bracer
37:42 Leather Archer Armor
39:47 Ring Archer Armor
39:30 Forging
39:20 Scale Mail Armor
39:26 Scale Barding Armor
41:48 Chain Mail Armor
reyangel141
1:00 Loom
12:07 Feudal Age
17:44 Castle Age
16:41 Double-Bit Axe
19:46 Crossbowman
26:20 Wheelbarrow
26:06 Bow Saw
25:59 Horse Collar
26:27 Thumb Ring
26:27 Fletching
30:09 Hand Cart
34:53 Imperial Age
32:22 Town Watch
32:51 Treadmill Crane
33:32 Ballistics
33:25 Fortified Wall
34:42 Bodkin Arrow
35:07 Onager
37:21 Chemistry
36:52 Heavy Plow
37:47 Siege Engineers
38:32 Gold Mining
38:34 Stone Mining
39:22 Guilds
39:55 Stone Shaft Mining
41:03 Conscription
40:55 Arquebus
40:59 Padded Archer Armor
41:28 Elite Organ Gun
aelenon
0:35 Loom
12:51 Feudal Age
14:00 Double-Bit Axe
18:19 Castle Age
23:56 Horse Collar
27:29 Heavy Plow
29:09 Fletching
29:32 Forging
30:12 Gold Mining
30:17 Stone Mining
30:41 Bow Saw
31:42 Wheelbarrow
32:30 Stone Shaft Mining
32:29 Caravan
35:56 Imperial Age
33:55 Hand Cart
34:12 Bodkin Arrow
35:46 Iron Casting
35:11 Scale Mail Armor
35:36 Town Watch
37:43 Crop Rotation
38:16 Two-Man Saw
38:28 Chemistry
37:35 Siege Engineers
37:52 Ballistics
38:10 Heavy Scorpion
41:46 Conscription
40:47 Elite Teutonic Knight
Barbaricci
0:28 Loom
10:40 Feudal Age
11:12 Double-Bit Axe
16:39 Castle Age
14:41 Gold Mining
15:13 Horse Collar
15:44 Stone Mining
17:20 Heavy Plow
17:33 Bow Saw
22:03 Wheelbarrow
29:44 Imperial Age
27:36 Fletching
27:49 Padded Archer Armor
27:51 Scale Mail Armor
28:01 Forging
28:34 Squires
28:19 Arson
29:34 Hand Cart
28:57 Elite Skirmisher
29:46 Bodkin Arrow
32:14 Chemistry
32:24 Conscription
32:26 Elite Varangian Guard
34:58 Chain Mail Armor
34:54 Forging
34:45 Bracer
35:01 Leather Archer Armor
36:15 Siege Engineers
38:13 Northmen's Fury
38:16 Hamask
39:42 Plate Mail Armor
39:47 Iron Casting
40:36 Gold Shaft Mining
40:28 Murder Holes
43:21 Iron Casting
43:17 Ring Archer Armor
cherripunji
0:27 Loom
12:44 Feudal Age
17:11 Castle Age
15:50 Double-Bit Axe
18:34 Horse Collar
21:21 Heavy Plow
22:02 Bow Saw
26:50 Bloodlines
30:26 Husbandry
33:50 Imperial Age
32:11 Light Cavalry
33:35 Scale Barding Armor
33:41 Forging
35:14 Chain Barding Armor
35:18 Heavy Camel Rider
ConcaveKnot1639
5:06 Loom
12:26 Feudal Age
16:53 Castle Age
25:16 Horse Collar
28:27 Wheelbarrow
28:28 Forging
28:10 Fletching
29:48 Husbandry
29:59 Bloodlines
31:25 Bodkin Arrow
31:38 Padded Archer Armor
32:15 Hand Cart
33:15 Heavy Plow
33:55 Iron Casting
34:38 Ballistics
38:52 Imperial Age
Done
1:00 Loom
13:08 Feudal Age
16:26 Double-Bit Axe
18:35 Town Watch
26:59 Castle Age
26:28 Gold Mining
26:27 Horse Collar
32:02 Wheelbarrow
35:30 Heavy Plow
36:51 Hand Cart
38:04 Bow Saw
42:45 Imperial Age
41:04 Ballistics
40:51 Padded Archer Armor
40:53 Fletching
41:09 Man-at-Arms
42:05 Fortified Wall
42:50 Scale Mail Armor
43:02 Forging
42:20 Long Swordsman
az89
1:57 Loom
11:53 Feudal Age
12:37 Double-Bit Axe
15:39 Gold Mining
15:42 Stone Mining
21:05 Man-at-Arms
23:39 Scale Mail Armor
23:49 Forging
28:13 Castle Age
29:43 Gold Shaft Mining
29:10 Caravan
30:36 Long Swordsman
31:17 Squires
32:38 Chain Mail Armor
32:38 Horse Collar
33:57 Scale Barding Armor
37:15 Wheelbarrow
39:02 Heavy Plow
42:14 Imperial Age
40:03 Hand Cart
39:36 Town Watch
42:09 Husbandry
42:20 Bloodlines
42:35 Chain Barding Armor
Connection lost

Rejoining the realm…

Still unreachable

The connection could not be restored.

Session expired

The server has moved on; the page needs a fresh start.